 Dungeon Crawl Stone Soup version 0.27-a0-1281-ge233d83751 (webtiles) character file.

Game seed: 10945210738113017516

2515 quinnr the Thaumaturge (level 9, -6/61 HPs)
             Began as a Djinni Air Elementalist on June 13, 2021.
             Was a Believer of Makhleb.
             Killed from afar by a gargoyle (24 damage)
             ... with a stone arrow
             ... on level 7 of the Dungeon.
             The game lasted 00:22:20 (10194 turns).

quinnr the Thaumaturge (Djinni Air Elementalist)   Turns: 10194, Time: 00:22:21

Health: -6/61      AC:  5    Str:  7    XL:     9   Next: 83%
Gold:   170        EV: 13    Int: 21    God:    Makhleb [**....] SH:  0 Dex: 13

rFire    + + .     SeeInvis .   i - +3 quarterstaff (chaos)
rCold    x . .     Faith    .   (shield currently unavailable)
rNeg     . . .     Spirit   .   q - +2 robe
rPois    ∞         Reflect  .   (no helmet)
rElec    .         Harm     .   j - +0 cloak
rCorr    .         Rampage  .   (no gloves)
Will     .....                  (boots unavailable)
Stlth    ++........             (no amulet)
HPRegen  0.20/turn              (no ring)
MPRegen  0.00/turn              (no ring)

@: flying
A: sickness immunity, fire resistance 2, cold vulnerability 1, float, innate
caster, hp casting, extra vitality 1
a: Renounce Religion, Minor Destruction


You were on level 7 of the Dungeon.
You worshipped Makhleb.
Makhleb was pleased with you.
You visited 2 branches of the dungeon, and saw 8 of its levels.

You collected 378 gold pieces.
You spent 208 gold pieces at shops.

Inventory:

Hand Weapons
 i - a +3 quarterstaff of chaos (weapon)
Missiles
 n - 41 poisoned darts
Armour
 a - a +0 robe
 j - a +0 cloak (worn)
 q - a +2 robe (worn)
 v - a scarf of repulsion
Jewellery
 g - a ring of magical power
Wands
 s - a wand of digging (11)
 w - a wand of polymorph (9)
 x - a wand of acid (12)
Scrolls
 e - 3 scrolls of fear {unknown}
 h - 3 scrolls of immolation {unknown}
 l - a scroll of enchant armour {unknown}
 r - a scroll of holy word {unknown}
 u - a scroll of blinking
 y - a scroll of summoning {unknown}
 z - a scroll of enchant weapon {unknown}
 A - a scroll of fog {unknown}
 B - a scroll of identify
Potions
 b - 2 potions of resistance
 c - 2 potions of degeneration
 d - 3 potions of curing
 f - 3 potions of invisibility
 k - a potion of cancellation
 m - a potion of lignification
 o - a potion of magic
 p - 2 potions of heal wounds
 t - 3 potions of might


   Skills:
 + Level 3.4 Fighting
 - Level 4.0 Dodging
 + Level 3.5 Stealth
 - Level 9.0 Spellcasting


You had 2 spell levels left.
You knew the following spells:

 Your Spells              Type           Power      Damage    Failure   Level
a - Shock                 Conj/Air       100%       1d9       1%          1
b - Static Discharge      Conj/Air       47%        N/A       1%          2
c - Swiftness             Air            47%        N/A       1%          3
d - Airstrike             Air            23%        N/A       1%          4
e - Lightning Bolt        Conj/Air       23%        1d39      4%          5
f - Beastly Appendage     Tmut           94%        N/A       1%          1
g - Poisonous Vapours     Pois/Air       94%        N/A       1%          2
h - Mephitic Cloud        Conj/Pois/Air  47%        N/A       1%          3
i - Spider Form           Tmut/Pois      23%        N/A       1%          3
Your spell library was empty.

Dungeon Overview and Level Annotations

Branches:
Dungeon (7/15)             Temple (1/1) D:4

Altars:
Ashenzari
Cheibriados
Dithmenos
Elyvilon
Gozag
Hepliaklqana
Kikubaaqudgha
Makhleb
Nemelex Xobeh
Qazlal
Ru
Trog
Uskayaw
Vehumet
Wu Jian
Xom
Yredelemnul
The Shining One

Shops:
D:4 !


Innate Abilities, Weirdness & Mutations

You are immune to sickness and miasma.
You are immune to poison.
Your flesh is very heat resistant. (rF++)
You are vulnerable to cold. (rC-)
You float through the air rather than walking.
You learn spells naturally, not from books.
Your magical power is your life essence.
You have superior vitality. (+4 HP)


Message History

Aiming: Lightning Bolt (dangerous; 4% risk of failure)
Press: ? - help, Shift-Dir - straight line, f/p - gargoyle
Aim: a gargoyle, wielding a +0 mace (83% to hit)
You hear a mighty clap of thunder!
The bolt of lightning hits the gargoyle!
The gargoyle resists.
The gargoyle is moderately damaged.
The tree burns like a torch!
Casting: Lightning Bolt (dangerous; 4% risk of failure)
Confirm with . or Enter, or press ? or * to list all spells.
Aiming: Lightning Bolt (dangerous; 4% risk of failure)
Press: ? - help, Shift-Dir - straight line, f/p - gargoyle
Aim: a gargoyle, wielding a +0 mace (moderately damaged, 83% to hit)
You hear a mighty clap of thunder!
The bolt of lightning hits the gargoyle but does no damage.
The gargoyle is moderately damaged.
Unknown command.
The gargoyle hurls a stone arrow at you.
The stone arrow misses you.
Casting: Lightning Bolt (dangerous; 4% risk of failure)
Confirm with . or Enter, or press ? or * to list all spells.
Aiming: Lightning Bolt (dangerous; 4% risk of failure)
Press: ? - help, Shift-Dir - straight line, p - gargoyle You hear a mighty clap of thunder!
The bolt of lightning hits the gargoyle.
The gargoyle completely resists.
The gargoyle is moderately damaged.
The gargoyle hurls a stone arrow at you.
The stone arrow hits you!!
Casting: Lightning Bolt (dangerous; 4% risk of failure)
Confirm with . or Enter, or press ? or * to list all spells.
Aiming: Airstrike (dangerous; 1% risk of failure)
Press: ? - help, Dir - move target, f - gargoyle
Aim: a gargoyle, wielding a +0 mace (moderately damaged)
The air twists around and strikes the gargoyle.
The gargoyle is moderately damaged.
* * * LOW HITPOINT WARNING * * *
The gargoyle hurls a stone arrow at you.
The stone arrow hits you!!
You die...

#.# #.# ######..#.# ##.# #.#
#.........# ##.###.##### #####
##.####.##[#
##...#.#...#####...###.#.###.##.#
#........♣............###........
........♣♣....##...###.#.###.####
.....♣.♣♣♣†...#########.## #.#
♣♣♣.♣♣.♣♣.♣♣♣.##........# #.#
.♣♣♣.♣.♣.♣♣♣..##@######## #.#
..♣♣♣♣.♣♣.♣..###.# #<#
......⌠.....####.# #.#
†.♣♣♣♣.♣♣♣♣....#.# #.# .♣♣ ♣.♣.
♣♣...#9# ########.# ♣♣
♣.♣♣.♣♣♣9...# #...[....# ♣.♣
♣....#######.######## ...
♣............# .#. ♣....#########


You could see a gargoyle.

Vanquished Creatures
  Grinder (D:4)
  A wraith (D:7)
  Eustachio (D:5)
  A vampire mosquito (D:7)
  Menkaure (D:5)
  2 water moccasins
  A sky beast (D:6)
  A black bear (D:6)
  A necrophage (D:5)
  2 ogres
  Blork the orc (D:4)
  3 scorpions
  A wyvern skeleton (D:4)
  A jelly (D:6)
  A howler monkey (D:7)
  2 bullfrog zombies (D:5)
  Crazy Yiuf (D:2)
  2 centaur zombies
  A bullfrog skeleton (D:5)
  6 hounds
  3 orc wizards (D:7)
  4 iguanas
  A hound skeleton (D:4)
  7 adders
  3 gnolls (D:6)
  An adder skeleton (D:4)
  2 worms
  3 dart slugs (D:2)
  19 orcs
  4 ball pythons
  9 endoplasms
  4 giant cockroaches
  12 hobgoblins
  9 jackals (D:1)
  7 kobolds
  8 bats
  8 frilled lizards
  4 goblins
  6 rats
145 creatures vanquished.

Vanquished Creatures (others)
  11 plants (D:4)
11 creatures vanquished.

Grand Total: 156 creatures vanquished

Notes
Turn   | Place    | Note
-------+----------+-------------------------------------------
     0 | D:1      | quinnr the Djinni Air Elementalist began the quest for the
                  | Orb.
     0 | D:1      | Reached XP level 1. HP: 15/15 MP: 0/0
   205 | D:1      | Reached XP level 2. HP: 15/21 MP: 0/0
   621 | D:1      | Reached skill level 3 in Spellcasting
  1067 | D:1      | Reached XP level 3. HP: 21/25 MP: 0/0
  1067 | D:1      | Learned a level 1 spell: Beastly Appendage
  1678 | D:1      | Found a faded altar of an unknown god.
  2092 | D:2      | Reached XP level 4. HP: 10/31 MP: 0/0
  2322 | D:2      | Found a shadowy altar of Dithmenos.
  2746 | D:2      | Found a runed translucent door.
  2747 | D:2      | Noticed Crazy Yiuf
  3189 | D:2      | Killed Crazy Yiuf
  3190 | D:2      | Reached skill level 4 in Spellcasting
  3510 | D:3      | Found a burning altar of Makhleb.
  3639 | D:3      | Reached XP level 5. HP: 33/35 MP: 0/0
  3639 | D:3      | Learned a level 2 spell: Poisonous Vapours
  4747 | D:4      | Found a staircase to the Ecumenical Temple.
  4817 | Temple   | Entered the Ecumenical Temple
  4973 | D:4      | Reached skill level 5 in Spellcasting
  4973 | D:4      | Reached XP level 6. HP: 29/40 MP: 0/0
  5033 | D:3      | Became a worshipper of Makhleb the Destroyer
  5093 | D:4      | Found Queriff's Distillery.
  5106 | D:4      | Bought a potion of heal wounds for 65 gold pieces
  5106 | D:4      | Bought a potion of curing for 39 gold pieces
  5106 | D:4      | Bought a potion of degeneration for 13 gold pieces
  5354 | D:4      | Noticed Blork the orc
  5357 | D:4      | Killed Blork the orc
  5436 | D:4      | Noticed Grinder
  5476 | D:4      | Reached XP level 7. HP: 21/45 MP: 0/0
  5476 | D:4      | Learned a level 3 spell: Mephitic Cloud
  6207 | D:5      | Entered Level 5 of the Dungeon
  6215 | D:5      | Reached skill level 6 in Spellcasting
  6216 | D:5      | Reached * piety under Makhleb
  6722 | D:5      | Found a shadowy altar of Dithmenos.
  6908 | D:5      | Noticed Menkaure
  6934 | D:5      | Reached XP level 8. HP: 40/50 MP: 0/0
  7150 | D:5      | Noticed Eustachio
  7160 | D:5      | Killed Eustachio
  7161 | D:5      | Reached skill level 7 in Spellcasting
  7828 | D:5      | Killed Menkaure
  7829 | D:5      | Reached skill level 8 in Spellcasting
  8218 | D:4      | Bought a potion of might for 52 gold pieces
  8218 | D:4      | Bought a potion of lignification for 39 gold pieces
  8226 | D:4      | Killed Grinder
  8227 | D:4      | Reached XP level 9. HP: 31/55 MP: 0/0
  8227 | D:4      | Learned a level 3 spell: Spider Form
  8951 | D:6      | Reached skill level 9 in Spellcasting
  9104 | D:6      | Reached skill level 1 in Fighting
  9955 | D:7      | Reached ** piety under Makhleb
 10183 | D:7      | Noticed a gargoyle
 10194 | D:7      | Killed from afar by a gargoyle

Illustrated notes

Levels and vault maps discovered:
D:1:      scummos_arrival_simple_fountains, layout_loops_corners,
          hellmonk_ecumenical_altar_prayer_group
D:2:      layout_basic, basic_altar, uniq_crazy_yiuf_cottage
D:3:      layout_loops_corners, bloody_makhleb
D:4:      layout_loops_cross, old_standard_altar, minmay_temple_entry_glass,
          serial_shops, nicolae_shop_trees, minmay_lizard_king, uniq_grinder,
          uniq_blork_the_orc
D:5:      layout_loops_ring, lemuel_crystal_altar, uniq_eustachio, uniq_menkaure
D:6:      layout_basic
D:7:      layout_loops_ring, lemuel_coloured_pillars_altar,
          kennysheep_mini_moat, minmay_statues_item, kb_rosetta
Temple:   eino_wide_crystal_templ

Skill      XL: |  1  2  3  4  5  6  7  8  9 |
---------------+----------------------------+-----
Spellcasting   | 3 4 5 6 8 9 |  9.0
Fighting       | 3 |  3.4
Stealth        | 3 |  3.5
Dodging        | 4 |  4.0

Action                   |  1- 3 |  4- 6 |  7- 9 || total
-------------------------+-------+-------+-------++-------
Melee: Unarmed           |     5 |       |       ||     5
       Headbutt          |     1 |       |       ||     1
 Cast: Shock             |    83 |    80 |    26 ||   189
       Beastly Appendage |     1 |       |       ||     1
       Static Discharge  |       |     4 |    17 ||    21
       Swiftness         |       |     1 |       ||     1
       Poisonous Vapours |       |    17 |    27 ||    44
       Airstrike         |       |     2 |    58 ||    60
       Mephitic Cloud    |       |       |     9 ||     9
       Lightning Bolt    |       |       |    14 ||    14
  Use: Scroll            |       |       |     5 ||     5
Armor: Robe              |     2 |       |    10 ||    12
Dodge: Dodged            |    21 |    14 |    13 ||    48

Table legend: (Time is in decaauts)
 A = Elapsed time spent in this place.
 B = Non-inter-level travel time spent in this place.
 C = Inter-level travel time spent in this place.
 D = Time resting spent in this place.
 E = Time spent auto-exploring this place.
 F = Levels seen in this place.
 G = Mean time per level.
                   A        B        C        D        E       F      G
               +--------+--------+--------+--------+--------+-----+--------+
         Total |  10207 |   9624 |    583 |   2280 |   6506 |   8 | 1275.9 |
       Dungeon |  10058 |   9491 |    567 |   2280 |   6374 |   7 | 1436.9 |
        Temple |    148 |    132 |     16 |      0 |    132 |   1 |  148.0 |
               +--------+--------+--------+--------+--------+-----+--------+

Top non-repeatable levels by time:
     D:4: 2194 daAuts
     D:1: 2092 daAuts
     D:5: 1525 daAuts
     D:2: 1415 daAuts
     D:3: 1305 daAuts
     D:6: 1013 daAuts
     D:7: 512 daAuts
  Temple: 148 daAuts
